[Event "*** Titled Tuesday Blitz"]
[Site "Chess.com"]
[Date "2020.02.04"]
[Round "5"]
[White "Manukyan_Artak"]
[Black "Carnivoras"]
[Result "0-1"]
[WhiteElo "2344"]
[BlackElo "2558"]
[TimeControl "180+2"]
[EndTime "14:04:24 PST"]
[Termination "Carnivoras won by checkmate"]

1. e4 e6 2. d4 d5 3. e5 c5 4.
c3 Nc6 5. Nf3 Nge7 6. a3 Nf5 7.
Bd3 Be7 8. O-O O-O 9. Re1 cxd4 10. Bxf5 exf5 11. Nxd4 Be6 12. b4 Rc8 13. Qd3 Qd7 14. Nd2 Nxd4 15. cxd4 Rc7 16. Nb3 Rfc8 17. Nc5 Qe8 18. Qg3 b6 19. Nxe6 fxe6 20. Bg5 Rc3 21. Re3 Rc1+ 22. Re1 R1c3 23. Re3 R3c4 24. Bxe7 Qxe7 25.
Qf4 Kh8 26. h4 h6 27. Rd1 a5 28. bxa5 bxa5 29. h5 Rc3 30. g4 Rxe3 31. fxe3 fxg4 32. Qxg4 Qxa3 33. Re1 Qc3 34. Kf2 Rf8+ 35. Ke2 Qc2# 0-1

[Event "*** Titled Tuesday Blitz"]
[Site "Chess.com"]
[Date "2020.02.04"]
[Round "5"]
[White "aa175"]
[Black "icychess54"]
[Result "0-1"]
[WhiteElo "2262"]
[BlackElo "2407"]
[TimeControl "180+2"]
[EndTime "14:04:26 PST"]
[Termination "icychess54 won by resignation"]

1. d4 d5 2. Nf3 Nf6 3. Bf4 c6 4. e3 Bg4 5. Nbd2 Nbd7 6. c3 e6 7. Qb3 Qb6 8. h3 Bf5 9. Nh4 Bg6 10. Nxg6 hxg6 11. Bd3 c5 12. dxc5 Nxc5 13. Bb5+ Kd8 14. Nc4 Nxb3 15. Nxb6 axb6 16. Rd1 Rxa2 17. O-O Bc5 18.
c4 Ke7 19. cxd5 exd5 20. Be5 Rd8 21. Rd3 Na5 22. Rc1 Nc6 23. Bc3 Ne4 24. Bxg7 f6 25.
Bh6 Rxb2 26. Ba4 Rxf2 27. Bf4 g5 28. Bg3 Rd2 29. Rxd2 Bxe3+ 30. Rf2 Bxc1 31. Rc2 Be3+ 32. Kf1 Nxg3+ 33. Ke1 Ra8 34. Bxc6 Ra1+ 35. Rc1 0-1

[Event "*** Titled Tuesday Blitz"]
[Site "Chess.com"]
[Date "2020.02.04"]
[Round "5"]
[White "DamianoLew95"]
[Black "FearNoEvil12"]
[Result "1-0"]
[WhiteElo "2594"]
[BlackElo "2049"]
[TimeControl "180+2"]
[EndTime "14:04:28 PST"]
[Termination "DamianoLew95 won by resignation"]

1. d4 b5 2. e4 a6 3. Nf3 Bb7 4. d5 e6 5. a4 b4 6. dxe6 fxe6 7. Bd3 Nf6 8. e5 Nd5 9. Ng5 Ne7 10. Nxh7 d6 11.
Ng5 Qd7 12. Qg4 Nbc6 13. exd6 cxd6 14. Qxe6 Qxe6+ 15. Nxe6 Kd7 16. Nxf8+ Raxf8 17. f3 Nd5 18. Kf2 Nd4 19. Be3 Nxe3 20. Kxe3 Ne6 21. Nd2 Rh5 22. Rae1 Nf4 23. Kf2 Rg5 24. Rhg1 Nxd3+ 25. cxd3 Rd5 26. Re3 Rc8 27. Nc4 Rf5 28. Nb6+ Kc7 29. Nxc8 Kxc8 30.
Re7 g5 31. Rc1+ Kb8 32. Re8+ Ka7 33. a5 Rf7 34. Rce1 Rc7 35. R1e7 Rc2+ 36. Ke3 Rxb2 37.
Rg8 1-0

[Event "*** Titled Tuesday Blitz"]
[Site "Chess.com"]
[Date "2020.02.04"]
[Round "5"]
[White "Korchmar_Vasiliy"]
[Black "vladimirdamjanovic"]
[Result "1-0"]
[WhiteElo "2795"]
[BlackElo "2631"]
[TimeControl "180+2"]
[EndTime "14:04:31 PST"]
[Termination "Korchmar_Vasiliy won by resignation"]

1. d4 Nf6 2. c4 c5 3. d5 b5 4. cxb5 a6 5. bxa6 g6 6. Nc3 Bg7 7. e4 O-O 8. a7 Rxa7 9. Nf3 d6 10. Be2 Ba6 11. O-O Nbd7 12. a4 Qb6 13. Re1 Rb8 14. Nb5 Raa8 15. Rb1 Nxe4 16. Bd3 Bxb5 17. axb5 Nef6 18.
Rxe7 Re8 19. Rxe8+ Rxe8 20. Bc4 Ng4 21. h3 Nge5 22.
Nxe5 Nxe5 23. Bf1 Nd7 24. Be3 Qb7 25. b4 cxb4 26. Rxb4 Nb6 27. Bxb6 Qxb6 28. Qc1 Bd4 29. Qf4 Bc5 30. Rb1 Re5 31. g4 Rxd5 32. Bc4 Qb7 33. Qf3 Bxf2+ 34. Kxf2 Rd2+ 35. Be2 Qb6+ 36. Qe3 Rd4 37.
Rb4 Qc5 38. Rxd4 Qxb5 1-0

[Event "*** Titled Tuesday Blitz"]
[Site "Chess.com"]
[Date "2020.02.04"]
[Round "5"]
[White "ShahMatKanal"]
[Black "TwentyHourADay"]
[Result "0-1"]
[WhiteElo "2506"]
[BlackElo "2265"]
[TimeControl "180+2"]
[EndTime "14:04:32 PST"]
[Termination "TwentyHourADay won by resignation"]

1. e4 e5 2. f4 exf4 3. Nf3 Nf6 4. Nc3 d5 5. e5 Nh5 6. d4 Be7 7. Bd3 Bh4+ 8. Kf1 Bg4 9. Ne2 Bxf3 10. gxf3 Qd7 11.
Kg2 g5 12. h3 Nc6 13. c3 f6 14. exf6 Nxf6 15. Qc2 Qg7 16. Bf5 Ne7 17. Be6 Rd8 18.
Qa4+ Nc6 19. c4 Qe7 20. Nxf4 gxf4 21. Bxf4 Qxe6 22. Be5 Rg8+ 23. Kf1 Kf7 24. Re1 Qf5 25. Re3 Qb1+ 26. Ke2 Qxb2+ 0-1

[Event "*** Titled Tuesday Blitz"]
[Site "Chess.com"]
[Date "2020.02.04"]
[Round "5"]
[White "Sanan_Sjugirov"]
[Black "FairChess_on_YouTube"]
[Result "0-1"]
[WhiteElo "2840"]
[BlackElo "3035"]
[TimeControl "180+2"]
[EndTime "14:04:33 PST"]
[Termination "FairChess_on_YouTube won by checkmate"]

1. e4 e5 2. Nf3 Nc6 3. Bb5 Nf6 4. d3 Bc5 5. Bxc6 dxc6 6. Nbd2 Qe7 7. Nc4 Nd7 8. Qe2 b6 9. a3 Ba6 10. Ne3 Bxe3 11.
Bxe3 c5 12. O-O O-O 13. Nd2 Bb7 14. a4 a5 15. f4 f5 16. fxe5 fxe4 17. Bf4 exd3 18.
Qxd3 Qe6 19. Rae1 Rad8 20. Qe2 Nb8 21. Bg3 Ba6 22. Rxf8+ Rxf8 23. Qe4 Nc6 24. Nf3 h6 25. Rd1 Bb7 26. Qe3 Ne7 27. Ne1 Nf5 28. Qc3 Nd4 29.
Qe3 Qc4 30. h3 Qf1+ 31. Kh2 Bxg2 32. e6 Qh1# 0-1

[Event "*** Titled Tuesday Blitz"]
[Site "Chess.com"]
[Date "2020.02.04"]
[Round "5"]
[White "VladDobrov"]
[Black "stoleriu"]
[Result "1-0"]
[WhiteElo "2896"]
[BlackElo "2501"]
[TimeControl "180+2"]
[EndTime "14:04:34 PST"]
[Termination "VladDobrov won by resignation"]

1. e4 e6 2. d4 d5 3. Nc3 Bb4 4. e5 c5 5. a3 Bxc3+ 6. bxc3 Qc7 7. Qg4 f6 8. Bb5+ Kf8 9. Nf3 c4 10. a4 a6 11. Ba3+ Ne7 12. Be8 Kxe8 13. Qxg7 Rf8 14. exf6 Rf7 15. Qh8+ Rf8 16. Qxh7 Rxf6 17. Qh5+ Ng6 18.
Ne5 Qg7 19. g4 Nc6 20. g5 Nxe5 21. gxf6 Qxf6 22. dxe5 Qxe5+ 23. Qxe5 Nxe5 24. h4 Kf7 25. h5 Bd7 26. h6 Rh8 27. Ke2 Ng6 28. Rag1 Bxa4 29.
Kd2 Rh7 30. Rh3 Bd7 31. Rf3+ 1-0

[Event "*** Titled Tuesday Blitz"]
[Site "Chess.com"]
[Date "2020.02.04"]
[Round "5"]
[White "MatthewG-p4p"]
[Black "chessasuke"]
[Result "1-0"]
[WhiteElo "2823"]
[BlackElo "2666"]
[TimeControl "180+2"]
[EndTime "14:04:41 PST"]
[Termination "MatthewG-p4p won by resignation"]

1. f4 g6 2. Nf3 d5 3. g3 Bg7 4.
Bg2 c6 5. O-O Nf6 6. d3 O-O 7.
Nc3 Qb6+ 8. e3 Bg4 9. h3 Bxf3 10. Qxf3 Nbd7 11. Kh2 e5 12. e4 exf4 13. gxf4 dxe4 14. dxe4 Rae8 15. e5 Nh5 16. Qf2 Qc7 17. Bf3 Bxe5 18. fxe5 Rxe5 19. Kg1 Rf5 20. Qg2 Ng3 21. Re1 Ne5 22. Bg4 Re8 23. Be3 Rf6 24. Qxg3 Nf3+ 25. Kg2 Qxg3+ 26. Kxg3 1-0

[Event "*** Titled Tuesday Blitz"]
[Site "Chess.com"]
[Date "2020.02.04"]
[Round "5"]
[White "12teen"]
[Black "Alopekos"]
[Result "1-0"]
[WhiteElo "2710"]
[BlackElo "2481"]
[TimeControl "180+2"]
[EndTime "14:04:43 PST"]
[Termination "12teen won by resignation"]

1. e4 c5 2. Nc3 a6 3. f4 b5 4. g3 Bb7 5. Bg2 Nf6 6. d4 b4 7.
Nd5 Nxd5 8. exd5 e6 9. Be3 Qa5 10. Ne2 c4 11. O-O Bxd5 12. Bh3 g6 13. f5 gxf5 14. Nf4 Be4 15. a3 bxa3 16. d5 Bc5 17. Qe2 Qb6 18. Rxa3 Bxe3+ 19. Rxe3 Kd8 20. Rd1 Kc7 21.
Qxc4+ Nc6 22. Kf2 exd5 23. Rxd5 Bxd5 24. Nxd5+ 1-0

[Event "*** Titled Tuesday Blitz"]
[Site "Chess.com"]
[Date "2020.02.04"]
[Round "5"]
[White "Fortitudine"]
[Black "r31415"]
[Result "0-1"]
[WhiteElo "2212"]
[BlackElo "2381"]
[TimeControl "180+2"]
[EndTime "14:04:44 PST"]
[Termination "r31415 won by resignation"]

1. d4 Nf6 2. Nc3 d6 3. e4 g6 4.
Bg5 c6 5. f3 b5 6. a3 Nbd7 7. Qd2 Qc7 8. Nge2 Bb7 9. h4 h6 10. Be3 Nb6 11. Nc1 Bg7 12. Nb3 Rb8 13. Na5 Ba8 14. b4 a6 15. Bd3 e5 16. dxe5 dxe5 17. O-O-O Nfd7 18. Be2 Bf8 19. Nb3 c5 20. bxc5 Nxc5 21. Nxc5 Bxc5 22. Bxc5 Qxc5 23. Kb2 b4 24. Nd5 Bxd5 25. exd5 Na4+ 26. Ka2 Nc3+ 27. Ka1 b3 28. Qc1 b2+ 0-1

[Event "*** Titled Tuesday Blitz"]
[Site "Chess.com"]
[Date "2020.02.04"]
[Round "5"]
[White "IMTominho"]
[Black "Kobalia"]
[Result "1-0"]
[WhiteElo "2799"]
[BlackElo "2635"]
[TimeControl "180+2"]
[EndTime "14:04:57 PST"]
[Termination "IMTominho won by checkmate"]

1. d4 d5 2. c4 c6 3. Nf3 Nf6 4.
Nc3 a6 5. a4 e6 6. g3 a5 7. Bg2 Be7 8. O-O O-O 9. Bf4 Nbd7 10. Qc2 dxc4 11. Rfd1 Nd5 12. Ne4 Nxf4 13. gxf4 Nb6 14.
Ne5 Nd5 15. e3 f6 16. Nxc4 Bd7 17. Nc5 Bc8 18. Rac1 b6 19. Nd3 Ba6 20. Bh3 f5 21. Bg2 Rc8 22. Qb3 Kh8 23. Nce5 c5 24. dxc5 bxc5 25.
Ne1 g5 26. Bxd5 exd5 27. Rxd5 Qe8 28. Qc3 Bf6 29. fxg5 Qh5 30. gxf6 Rg8+ 31. Ng2 Qh3 32. Nf7# 1-0

[Event "*** Titled Tuesday Blitz"]
[Site "Chess.com"]
[Date "2020.02.04"]
[Round "5"]
[White "Bathory44"]
[Black "Korona_91"]
[Result "0-1"]
[WhiteElo "2582"]
[BlackElo "2441"]
[TimeControl "180+2"]
[EndTime "14:05:02 PST"]
[Termination "Korona_91 won on time"]

1. e4 e6 2. d4 d5 3. Nd2 a6 4. Ngf3 c5 5. exd5 exd5 6. dxc5 Bxc5 7. Nb3 Bb6 8. Bg5 Nf6 9. Qe2+ Be6 10. Nfd4 Bxd4 11. Nxd4 Qa5+ 12. Bd2 Qb6 13. Nxe6 fxe6 14. O-O-O O-O 15. Be3 Qa5 16. Kb1 Nc6 17. g3 e5 18. Bg2 Rad8 19. g4 d4 20. Bd2 Qc5 21.
Bg5 h6 22. Bxf6 Rxf6 23. Be4 a5 24. f3 a4 25. a3 b5 26. h4 b4 27. g5 Rfd6 28.
Bxc6 Rxc6 29. Rd3 Rb8 30. axb4 Qxb4 31. c3 dxc3 0-1

[Event "*** Titled Tuesday Blitz"]
[Site "Chess.com"]
[Date "2020.02.04"]
[Round "5"]
[White "Gogolev_Artemy"]
[Black "Anton_Demchenko"]
[Result "0-1"]
[WhiteElo "2509"]
[BlackElo "2955"]
[TimeControl "180+2"]
[EndTime "14:05:04 PST"]
[Termination "Anton_Demchenko won by resignation"]

1. d4 Nf6 2. Nf3 g6 3. c4 Bg7 4. Nc3 O-O 5. e4 d6 6. Be2 e5 7. O-O Nbd7 8. Qc2 c6 9. d5 Ne8 10. dxc6 bxc6 11. b4 a5 12. b5 c5 13. Ne1 Nb6 14.
f4 exf4 15. Bxf4 Be6 16. Rd1 Nxc4 17. Nf3 Nb6 18. e5 d5 19. Ne4 Bf5 20. Bg5 Qc7 21. Qxc5 dxe4 22. Qxc7 Nxc7 23. Nd4 Ne6 24. Nxf5 gxf5 25.
Be3 Na4 26. Rxf5 Nc3 27. Rd2 Rad8 28. Bc4 Rxd2 29. Bxd2 Nd4 30. Rg5 Ncxb5 31. e6 Nd6 32. exf7+ Kh8 33. Be6 Nxe6 0-1

[Event "*** Titled Tuesday Blitz"]
[Site "Chess.com"]
[Date "2020.02.04"]
[Round "5"]
[White "dmosesov"]
[Black "mortngabriel"]
[Result "1/2-1/2"]
[WhiteElo "2585"]
[BlackElo "2428"]
[TimeControl "180+2"]
[EndTime "14:05:10 PST"]
[Termination "Game drawn by repetition"]

1. d4 Nf6 2. c4 e6 3. Nf3 b6 4. g3 Ba6 5. Qc2 Bb7 6. Bg2 c5 7.
d5 exd5 8. cxd5 Nxd5 9. O-O Be7 10. Rd1 O-O 11. Qf5 Nf6 12. Nc3 d5 13. Ng5 Qd7 14. Qxd7 Nbxd7 15. Nxd5 Nxd5 16. Bxd5 Bxd5 17. Rxd5 Nf6 18.
Rd1 Rad8 19. Bf4 Nd5 20. Ne4 Nxf4 21. gxf4 f5 22. Nc3 Bf6 23. Rab1 Bxc3 24. bxc3 Kf7 25. Kg2 Ke6 26. Kf3 Rd5 27. h4 Rfd8 28. Rxd5 Rxd5 29. Rg1 g6 30. Ke3 c4 31. h5 gxh5 32. Rg7 Rd7 33. Rg5 Kf6 34. Rxh5 Kg6 35. Rh1 h5 36. Rg1+ Kf6 37.
Rh1 Rh7 38. Kd4 h4 39. Rh3 b5 40. f3 Ke6 41. Kc5 a6 42. e4 Rh5 43. Kb6 Kd6 44. a3 Rh8 45. Kxa6 Kc6 46. Ka7 Rh7+ 47. Ka6 Rh8 48. Ka7 Rh7+ 49. Ka6 Rh8 1/2-1/2

[Event "*** Titled Tuesday Blitz"]
[Site "Chess.com"]
[Date "2020.02.04"]
[Round "5"]
[White "ChEsper99"]
[Black "Heineccius"]
[Result "0-1"]
[WhiteElo "2034"]
[BlackElo "2656"]
[TimeControl "180+2"]
[EndTime "14:05:10 PST"]
[Termination "Heineccius won by resignation"]

1. e4 c5 2. Nf3 e6 3. g3 b6 4. Bg2 Bb7 5. Nc3 Nf6 6. Qe2 d6 7. O-O Be7 8. d4 cxd4 9. Nxd4 a6 10. a4 Qc7 11. Rd1 O-O 12. Be3 Nc6 13. Nxc6 Bxc6 14. Kh1 Qb7 15. Bf4 Rfd8 16. Rd2 e5 17. Bg5 Nxe4 18.
Nxe4 Bxg5 19. Nxg5 Bxg2+ 20. Kg1 Bc6 21. Qh5 h6 22.
Nh3 Bh1 23. f4 Bf3 24. Qf5 b5 25. Rf1 Be4 26. Qg4 Qb6+ 27. Rdf2 f5 28. Qg6 Qc5 29. fxe5 dxe5 30. g4 Rd6 31. Qh5 fxg4 0-1

[Event "*** Titled Tuesday Blitz"]
[Site "Chess.com"]
[Date "2020.02.04"]
[Round "5"]
[White "Roman_Ovetchkin"]
[Black "hansen"]
[Result "1-0"]
[WhiteElo "2720"]
[BlackElo "2878"]
[TimeControl "180+2"]
[EndTime "14:05:14 PST"]
[Termination "Roman_Ovetchkin won by resignation"]

1. d4 Nf6 2. c4 e6 3. Nf3 d5 4.
g3 Be7 5. Bg2 O-O 6. O-O dxc4 7.
Qc2 b5 8. a4 c6 9. axb5 Qb6 10.
Ne5 Nd5 11. Nxc4 Qxd4 12. Be3 Qf6 13. b6 Nd7 14. Rxa7 Rb8 15. Nbd2 Bd8 16. Ne4 Qg6 17. Rxd7 f5 18. Rxd8 Rxd8 19. Ne5 Qe8 20. Nxc6 Nxe3 21. fxe3 Rxb6 22. Nxd8 Qxd8 23. Rd1 Qf8 24. Nc3 h6 25.
Rd2 Kh7 26. Qd3 Rb4 27. Qd6 Qxd6 28. Rxd6 Rxb2 29. Kf2 Rc2 30. Nb5 Kg6 31. Nd4 Rd2 32.
Nxf5 1-0

[Event "*** Titled Tuesday Blitz"]
[Site "Chess.com"]
[Date "2020.02.04"]
[Round "5"]
[White "CzechmVIII"]
[Black "Darhild"]
[Result "0-1"]
[WhiteElo "2183"]
[BlackElo "2708"]
[TimeControl "180+2"]
[EndTime "14:05:20 PST"]
[Termination "Darhild won by checkmate"]

1. e4 c5 2. Nf3 d6 3. d4 cxd4 4.
Nxd4 Nf6 5. Nc3 a6 6. Bg5 e6 7. f4 h6 8. Bh4 Qb6 9. Bxf6 gxf6 10. Qd2 Qxb2 11. Nb3 Qa3 12. Be2 Nd7 13. O-O Nc5 14. Kh1 Nxb3 15. axb3 Qc5 16. Bb5+ Kd8 17. e5 d5 18.
exf6 Bd6 19. Rfd1 Kc7 20. Bf1 Bd7 21. Na4 Qb4 22. Qxb4 Bxb4 23. c4 b5 24. Nb2 Bc3 25. Ra2 Bxf6 26. cxd5 exd5 27. Nd3 a5 28. Rc1+ Kb6 29.
Ne5 Bxe5 30. fxe5 Rac8 31. Rca1 Ra8 32. Bd3 Rhc8 33. Rf2 Be6 34. Bf5 Rc3 35. Bxe6 fxe6 36. Rf6 Rxb3 37. Rxe6+ Kc5 38. Rxh6 a4 39. e6 a3 40. e7 a2 41. e8=Q Rb1+ 42. Qe1 Rxe1+ 43. Rxe1 a1=Q 44. Rxa1 Rxa1# 0-1

[Event "*** Titled Tuesday Blitz"]
[Site "Chess.com"]
[Date "2020.02.04"]
[Round "5"]
[White "hypert"]
[Black "norwaytoadog"]
[Result "1-0"]
[WhiteElo "2462"]
[BlackElo "2288"]
[TimeControl "180+2"]
[EndTime "14:05:21 PST"]
[Termination "hypert won on time"]

1. e4 e5 2. Nf3 Nc6 3. Bb5 a6 4. Ba4 Nf6 5. O-O Be7 6. Re1 b5 7. Bb3 d6 8. c3 O-O 9. h3 Bb7 10. d4 Re8 11. a3 h6 12. Nbd2 Bf8 13. Bc2 g6 14. a4 exd4 15. cxd4 Nb4 16. Bb1 c5 17. d5 Nd7 18. Nh2 Bg7 19. Ndf3 c4 20. Ra3 Nc5 21. Ng4 h5 22. Nh6+ Kf8 23. e5 Nbd3 24.
Bxd3 Nxd3 25. Rxd3 cxd3 26. e6 fxe6 27. Qxd3 Qf6 28.
Bg5 Qxg5 29. Nxg5 Bxh6 30. Nxe6+ Kf7 31. Qf3+ Kg8 32. Qf6 Kh7 33. Qf7+ Kh8 34. Qxg6 Bf8 35. Qxh5+ Kg8 36. Qg6+ Kh8 37. Re4 1-0

[Event "*** Titled Tuesday Blitz"]
[Site "Chess.com"]
[Date "2020.02.04"]
[Round "5"]
[White "ChadBiryani"]
[Black "SerGo055"]
[Result "0-1"]
[WhiteElo "2312"]
[BlackElo "2550"]
[TimeControl "180+2"]
[EndTime "14:05:24 PST"]
[Termination "SerGo055 won by resignation"]

1. d4 Nf6 2. Bf4 c5 3. dxc5 Na6 4. f3 Nxc5 5. e4 d6 6. Bc4 g6 7. Qd2 Bg7 8. Nc3 a6 9. a4 Be6 10. Bxe6 Nxe6 11. Be3 Rc8 12. Nge2 O-O 13. O-O Nd7 14.
Kh1 Ne5 15. Qc1 Nc4 16. Bh6 Bxh6 17. Qxh6 Nxb2 18. Rfb1 Nc4 19. Rxb7 Rc7 20. Rb4 Ne5 21. Rab1 Nc6 22. R4b2 Ncd4 23. Nxd4 Nxd4 24. Nd5 Rxc2 25. Rxc2 Nxc2 26. Qd2 e6 27. Nc3 Na3 28. Rb4 Qa5 29. Qxd6 Rc8 30. Ne2 Nc4 31. Qe7 Ne5 32.
h4 Nd3 33. Rb7 Qe1+ 34. Kh2 Rf8 35. Rd7 Qxe2 36. Rd8 Rxd8 37. Qxd8+ Kg7 38. Qd4+ e5 0-1

[Event "*** Titled Tuesday Blitz"]
[Site "Chess.com"]
[Date "2020.02.04"]
[Round "5"]
[White "Bulldog167"]
[Black "obliviate12"]
[Result "0-1"]
[WhiteElo "2669"]
[BlackElo "2848"]
[TimeControl "180+2"]
[EndTime "14:05:25 PST"]
[Termination "obliviate12 won by resignation"]

1. d4 Nf6 2. c4 e6 3. Nf3 d5 4. Nc3 Bb4 5. Bg5 h6 6. Bxf6 Qxf6 7.
e3 O-O 8. Rc1 Nc6 9. a3 Bxc3+ 10. Rxc3 dxc4 11. Rxc4 e5 12. d5 Rd8 13. e4 Bg4 14.
Be2 Bxf3 15. Bxf3 Nd4 16. Rxc7 Qb6 17. Qc1 Qa6 18. Qc4 Qa5+ 19. Qc3 Qa6 20. Bd1 Qg6 21.
Bf3 Nb5 22. Qxe5 Nxc7 23. Qxc7 Rac8 24. Qf4 Qa6 25. Qd2 Qc4 26. h4 Re8 27. Rh3 f5 28.
d6 fxe4 29. Bg4 e3 30. Rxe3 Qxg4 31. d7 Rxe3+ 32. Qxe3 Qxd7 0-1

[Event "*** Titled Tuesday Blitz"]
[Site "Chess.com"]
[Date "2020.02.04"]
[Round "5"]
[White "Supernotar"]
[Black "JonahWillow"]
[Result "1-0"]
[WhiteElo "2572"]
[BlackElo "2734"]
[TimeControl "180+2"]
[EndTime "14:05:25 PST"]
[Termination "Supernotar won by resignation"]

1. d4 d5 2. c4 dxc4 3. e3 e5 4.
Bxc4 exd4 5. exd4 Bd6 6. Nf3 Nf6 7. O-O O-O 8. Bg5 h6 9. Bh4 Nc6 10. h3 Bf5 11. Nc3 Re8 12. Qb3 Qd7 13. Bxf6 gxf6 14. Rfe1 Na5 15. Bxf7+ Qxf7 16. Qb5 Bxh3 17. gxh3 Nc4 18. Kh1 c6 19. Qf5 Kh8 20. Rg1 Rg8 21. Ne4 Be7 22. Nh4 Nd6 23. Nxd6 Bxd6 24. Ng6+ Rxg6 25. Rxg6 Bf8 26. Rag1 Rd8 27. Qf4 Kh7 28. Rxf6 Qd5+ 29. f3 Bg7 30. Rxg7+ Kxg7 31. Qxh6+ Kg8 32. Rg6+ Kf7 33. Rg7+ Kf8 34. Qh8+ 1-0

[Event "*** Titled Tuesday Blitz"]
[Site "Chess.com"]
[Date "2020.02.04"]
[Round "5"]
[White "TheBigBadChessDad"]
[Black "karinachess1"]
[Result "0-1"]
[WhiteElo "2314"]
[BlackElo "2487"]
[TimeControl "180+2"]
[EndTime "14:05:25 PST"]
[Termination "karinachess1 won by checkmate"]

1. d4 Nf6 2. Nf3 g6 3. Bg5 Bg7 4. Nbd2 d6 5. e4 Nbd7 6. c3 c5 7. dxc5 Nxc5 8. Qc2 O-O 9. Be2 b6 10. b4 Ne6 11. Bh4 Bb7 12. O-O Rc8 13. Rfe1 Nd7 14.
c4 Bxa1 15. Rxa1 Ne5 16. Qb2 Nxf3+ 17. Bxf3 Qc7 18. Re1 Nf4 19. Re3 b5 20. Rc3 bxc4 21.
Rxc4 Qd7 22. Bg5 Nd3 23. Qd4 Ne5 24. Rxc8 Rxc8 25. g3 Ba6 26. Kg2 Qb5 27. Bh6 f6 28. Qxa7 Nxf3 29. Qxe7 Ne1+ 30. Kh3 Qh5# 0-1

[Event "*** Titled Tuesday Blitz"]
[Site "Chess.com"]
[Date "2020.02.04"]
[Round "5"]
[White "semchik73"]
[Black "SlavenPastar"]
[Result "1-0"]
[WhiteElo "2314"]
[BlackElo "2475"]
[TimeControl "180+2"]
[EndTime "14:05:31 PST"]
[Termination "semchik73 won on time"]

1. Nf3 d5 2. c4 d4 3. e3 c5 4. b4 dxe3 5. fxe3 cxb4 6. d4 e6 7. Bd3 Nf6 8. O-O Bd7 9. e4 Nc6 10. e5 Ng8 11. d5 exd5 12. cxd5 Nce7 13. Ng5 Nh6 14. e6 fxe6 15. dxe6 Bxe6 16. Nxe6 Qb6+ 17. Kh1 Qxe6 18. Bb5+ Nc6 19. Re1 Qxe1+ 20. Qxe1+ Be7 21. Bxh6 gxh6 22. Nd2 Kd7 23. Nc4 Bf6 24. Rd1+ Kc7 25. Qe6 Rad8 26. Rxd8 Rxd8 27. h3 Bc3 28. Qf7+ Rd7 29.
Qf4+ Kd8 30. Bxc6 bxc6 31. Ne5 Bxe5 32. Qxe5 Rc7 33. Qd4+ Kc8 34. Qxb4 c5 35. Qg4+ Kb7 36.
Qe4+ Kb6 37. Qc4 Rd7 38. Qe6+ Kc7 39. Qxh6 Kb7 40. Qe6 Rc7 41. Qc4 Kb6 42. g4 Rc6 43.
h4 Rd6 44. Qb3+ Kc6 45. Qf3+ Kb5 46. g5 c4 47. h5 Kb4 48. Qb7+ Kc3 49. Qxh7 Kb2 50.
Qg7+ c3 51. h6 1-0

[Event "*** Titled Tuesday Blitz"]
[Site "Chess.com"]
[Date "2020.02.04"]
[Round "5"]
[White "MateusViageiro"]
[Black "earling8018"]
[Result "1-0"]
[WhiteElo "2190"]
[BlackElo "2049"]
[TimeControl "180+2"]
[EndTime "14:05:31 PST"]
[Termination "MateusViageiro won by resignation"]

1. e4 e5 2. Nf3 Nc6 3. Bb5 a6 4. Ba4 Nf6 5. Bxc6 dxc6 6. d3 Bd6 7. Nbd2 O-O 8. Nc4 Qe7 9. Bd2 b5 10. Ne3 Be6 11. Qe2 Nd7 12. Nf5 Bxf5 13. exf5 c5 14. O-O-O a5 15. Kb1 a4 16. g4 b4 17. g5 f6 18. g6 h6 19. Rhg1 b3 20. cxb3 axb3 21.
a3 c4 22. dxc4 Bxa3 23. Bxh6 Bd6 24. Be3 Ra4 25. c5 Rfa8 26. Kc1 Nxc5 27. Bxc5 Bxc5 28. Nd4 Bxd4 29. Qh5 Ra1+ 30. Kd2 Qb4+ 31. Ke2 Qc4+ 32. Kf3 Qd5+ 33. Kg3 Bxf2+ 34. Kxf2 Qc5+ 35. Kg3 Qe3+ 36. Qf3 Qxf3+ 37. Kxf3 R1a2 38. Rd7 Rxb2 39. Rgd1 Kf8 40. Rf7+ Ke8 41. Rxg7 Rc2 42. Rg8+ Ke7 43. Rxa8 1-0

[Event "*** Titled Tuesday Blitz"]
[Site "Chess.com"]
[Date "2020.02.04"]
[Round "5"]
[White "djano"]
[Black "ChessPlayer202202"]
[Result "0-1"]
[WhiteElo "2353"]
[BlackElo "2256"]
[TimeControl "180+2"]
[EndTime "14:05:38 PST"]
[Termination "ChessPlayer202202 won by resignation"]

1. c4 Nf6 2. Nc3 c5 3. g3 d5 4. cxd5 Nxd5 5. Bg2 Nc7 6. Nf3 Nc6 7. d3 e5 8. O-O Be7 9. Be3 Bd7 10. Nd2 O-O 11.
Rc1 Rc8 12. f4 exf4 13. gxf4 f5 14. Nf3 Ne6 15. Qb3 Kh8 16. Nd5 Bd6 17. Qxb7 Rb8 18. Qa6 Rxb2 19. Rb1 Qb8 20. Nc3 Nb4 21. Qc4 Rxb1 22.
Rxb1 Qc7 23. a3 Nc2 24. Nd5 Nxe3 25. Nxe3 Bxf4 26. Nd5 Qd6 27. e4 fxe4 28. dxe4 Nd4 29. Nxd4 Bxh2+ 30. Kh1 cxd4 31. Qxd4 Qh6 32. Qd3 Bg3+ 0-1

[Event "*** Titled Tuesday Blitz"]
[Site "Chess.com"]
[Date "2020.02.04"]
[Round "5"]
[White "VladimirBelous"]
[Black "Kira170"]
[Result "1-0"]
[WhiteElo "2749"]
[BlackElo "2530"]
[TimeControl "180+2"]
[EndTime "14:05:40 PST"]
[Termination "VladimirBelous won by resignation"]

1. c4 e6 2. Nf3 d5 3. g3 Nf6 4.
Bg2 g6 5. O-O Bg7 6. d4 O-O 7.
Nc3 c6 8. b3 Nbd7 9. Bb2 b6 10.
Rc1 Bb7 11. cxd5 exd5 12. e3 Re8 13. b4 Nf8 14. b5 cxb5 15. Nxb5 Ba6 16. Qa4 Bxb5 17.
Qxb5 Ne4 18. Rc2 a6 19. Qb3 b5 20. Nd2 Rc8 21. Nxe4 Rxc2 22. Qxc2 dxe4 23. Bxe4 Qa5 24. a3 b4 25. axb4 Qxb4 26. Bg2 a5 27. Ra1 Rb8 28. Bc3 Qc4 29. Bf1 Qc6 30. Rxa5 Rc8 31. Ra3 Ne6 32.
Bg2 Qd6 33. Ra8 Rxa8 34. Bxa8 h5 35. h4 Bf6 36. Bf3 Ng7 37. Be4 Qe7 38. Ba5 Qa3 39.
Qc3 Qa4 40. Kg2 Qd1 41. Qc8+ Kh7 42. Qd7 Kg8 43. Bd5 Kh7 44. Qxf7 Bxh4 45. Qg8+ Kh6 46. Qh8+ Kg5 47. Bd8+ 1-0

[Event "*** Titled Tuesday Blitz"]
[Site "Chess.com"]
[Date "2020.02.04"]
[Round "5"]
[White "SCIM"]
[Black "TheBigBoss04"]
[Result "1-0"]
[WhiteElo "2472"]
[BlackElo "2662"]
[TimeControl "180+2"]
[EndTime "14:05:42 PST"]
[Termination "SCIM won on time"]

1. d4 Nf6 2. c4 d6 3. Nc3 Nbd7 4. e4 e5 5. Nge2 Be7 6. f3 c6 7. Be3 a6 8. Qd2 Qc7 9. O-O-O b5 10. Ng3 g6 11. Kb1 h5 12. h4 Rb8 13. Rc1 Qa5 14. Ka1 b4 15. Nb1 exd4 16. Bxd4 Nc5 17. Qe3 Be6 18.
Bxc5 dxc5 19. e5 Nd7 20. f4 Nb6 21. Bd3 Na4 22. Ne4 O-O 23. Nf6+ Bxf6 24. exf6 Qd8 25. Qe5 Re8 26. Qg5 Qd4 27. Rc2 b3 28. Bxg6 Red8 29. Be4+ Kf8 30. Qg7+ Ke8 31. Bxc6+ 1-0

[Event "*** Titled Tuesday Blitz"]
[Site "Chess.com"]
[Date "2020.02.04"]
[Round "5"]
[White "gena217"]
[Black "kleinebeer98"]
[Result "1-0"]
[WhiteElo "2993"]
[BlackElo "2704"]
[TimeControl "180+2"]
[EndTime "14:05:43 PST"]
[Termination "gena217 won by resignation"]

1. e3 Nf6 2. Nf3 g6 3. d4 Bg7 4. c4 O-O 5. Be2 d6 6. O-O Nbd7 7. Nc3 e5 8. b4 Re8 9. a4 a5 10. b5 exd4 11. exd4 Nb6 12. h3 Be6 13. Qb3 h6 14. Re1 Bf5 15. Be3 Ne4 16. Nxe4 Bxe4 17. Nd2 Bf5 18. Bf3 Rb8 19. Rad1 Qh4 20. Nf1 Be6 21. d5 Bd7 22. Be2 Re7 23. Nh2 Rbe8 24. Nf3 Rxe3 25. Qxe3 Rxe3 26. Nxh4 Ra3 27. Bg4 Kf8 28. c5 dxc5 29. d6 Bxg4 30. hxg4 Bd4 31. dxc7 Rxa4 32. Nf3 Rb4 33. Re2 a4 34. Ne5 Bxe5 35. Rxe5 a3 36.
Rxc5 Nc8 37. Rd8+ Kg7 38. Rxc8 a2 39. Ra8 Rb1+ 40. Kh2 1-0